[ AOE2 MATCH · #460027495 ]
UnrankedWei vs Maya
Player's team · WIN
Rival team · LOSS
[ REPLAY ANALYSIS · EXTRACTED FROM THE RECORDED GAME ]
Feudal
9:46
Castle
19:23
Imperial
40:47
| APM avg | 42.3 |
| APM peak | 105 |
| eAPM avg | 21.7 |
| Villagers / military | 157 / 256 |
Focus
⚔️ 25.8% · 🌾 74.2%
Scout Cavalry ×170 · Skirmisher ×85 · Unknown (1949) ×48 · Unknown (1942) ×17 · Unknown (1944) ×5 · Mangonel ×1
Feudal
12:03
Castle
16:42
Imperial
31:57
| APM avg | 35.3 |
| APM peak | 60 |
| eAPM avg | 21.1 |
| Villagers / military | 114 / 203 |
Focus
⚔️ 42.1% · 🌾 57.9%
Plumed Archer ×97 · Spearman ×85 · Eagle Scout ×18 · Trebuchet (Packed) ×3
Match map
Initial resources + every placement click. Lines = walls · curves = elevation contours. ◆ gold · ⬟ stone · ● berries · ✦ relic · ◌ wall gap
Your base· ✓ Closed at 19:23 · 33t walls · no gate
[URU] ElPrimerURU's base· Open — opponent sealed themselves in
Smoothed initial terrain · ◌ = detected wall gap · hover for details
Inputs per minute
— Dschordschy - - [URU] ElPrimerURU
Build order — Dschordschy
First 150 of 616 actions detected
| 0:01 | Create | Villager (Male) |
| 0:01 | Create | Villager (Male) |
| 0:02 | Build | House |
| 0:03 | Build | House |
| 0:23 | Create | Villager (Male) |
| 0:24 | Create | Villager (Male) |
| 0:24 | Create | Villager (Male) |
| 1:28 | Create | Villager (Male) |
| 1:28 | Create | Villager (Male) |
| 2:03 | Build | Lumber Camp |
| 2:06 | Create | Villager (Male) |
| 2:07 | Create | Villager (Male) |
| 2:23 | Create | Villager (Male) |
| 2:23 | Create | Villager (Male) |
| 2:23 | Create | Villager (Male) |
| 2:53 | Create | Villager (Male) |
| 2:54 | Create | Villager (Male) |
| 3:13 | Create | Villager (Male) |
| 3:13 | Create | Villager (Male) |
| 3:30 | Build | House |
| 3:31 | Create | Villager (Male) |
| 3:32 | Create | Villager (Male) |
| 3:54 | Create | Villager (Male) |
| 3:54 | Create | Villager (Male) |
| 4:22 | Build | Mill |
| 4:32 | Build | Palisade Wall |
| 4:33 | Build | Palisade Wall |
| 4:35 | Create | Villager (Male) |
| 4:35 | Create | Villager (Male) |
| 4:49 | Create | Villager (Male) |
| 4:50 | Create | Villager (Male) |
| 5:12 | Build | House |
| 5:13 | Build | House |
| 5:31 | Create | Villager (Male) |
| 5:31 | Create | Villager (Male) |
| 5:34 | Create | Villager (Male) |
| 5:34 | Create | Villager (Male) |
| 5:56 | Create | Villager (Male) |
| 5:57 | Create | Villager (Male) |
| 6:32 | Create | Villager (Male) |
| 6:35 | Create | Villager (Male) |
| 6:39 | Research | Loom |
| 6:46 | Build | Palisade Wall |
| 6:48 | Create | Villager (Male) |
| 7:29 | Research | Feudal Age |
| 7:42 | Build | Lumber Camp |
| 7:56 | Build | Palisade Wall |
| 8:03 | Build | House |
| 8:06 | Build | Palisade Wall |
| 8:13 | Build | Palisade Wall |
| 8:15 | Build | Palisade Wall |
| 8:40 | Build | Palisade Wall |
| 8:53 | Build | Palisade Wall |
| 9:46 | Age | Feudal Age |
| 9:48 | Create | Villager (Male) |
| 9:51 | Research | Horse Collar |
| 9:54 | Research | Double-Bit Axe |
| 10:01 | Build | House |
| 10:02 | Build | House |
| 10:08 | Build | Farm |
| 10:11 | Build | Farm |
| 10:19 | Create | Villager (Male) |
| 10:20 | Create | Villager (Male) |
| 10:23 | Create | Villager (Male) |
| 10:30 | Create | Villager (Male) |
| 10:36 | Build | Farm |
| 10:49 | Build | Mining Camp |
| 10:51 | Create | Villager (Male) |
| 11:00 | Build | Palisade Wall |
| 11:13 | Build | Farm |
| 11:20 | Build | Farm |
| 11:34 | Build | House |
| 11:35 | Build | House |
| 11:41 | Create | Villager (Male) |
| 11:44 | Build | Farm |
| 12:04 | Build | Farm |
| 12:14 | Research | Wheelbarrow |
| 12:29 | Build | Farm |
| 12:35 | Create | Villager (Male) |
| 12:46 | Build | House |
| 12:47 | Build | House |
| 12:51 | Create | Villager (Male) |
| 12:54 | Build | Farm |
| 12:59 | Build | Palisade Wall |
| 13:02 | Build | Palisade Wall |
| 13:28 | Build | Barracks |
| 14:19 | Build | Stable |
| 14:23 | Create | Villager (Male) |
| 14:39 | Build | Farm |
| 14:43 | Build | Farm |
| 14:46 | Build | Farm |
| 14:48 | Create | Villager (Male) |
| 14:59 | Build | Farm |
| 15:09 | Build | Farm |
| 15:20 | Build | Farm |
| 15:22 | Create | Villager (Male) |
| 15:28 | Build | Farm |
| 15:40 | Build | House |
| 15:42 | Build | House |
| 15:43 | Build | House |
| 15:51 | Create | Villager (Male) |
| 16:07 | Create | Villager (Male) |
| 16:14 | Build | Blacksmith |
| 16:43 | Research | Castle Age |
| 16:43 | Research | Castle Age |
| 16:44 | Research | Castle Age |
| 16:46 | Research | Gold Mining |
| 16:47 | Research | Gold Mining |
| 16:48 | Create | Villager (Male) |
| 17:19 | Build | Stable |
| 17:24 | Build | Palisade Wall |
| 18:22 | Build | Palisade Wall |
| 18:29 | Build | Farm |
| 18:39 | Research | Scale Barding Armor |
| 18:41 | Research | Bloodlines |
| 19:08 | Research | Forging |
| 19:23 | Age | Castle Age |
| 19:25 | Create | Villager (Male) |
| 19:28 | Create | Unit 1944 |
| 19:28 | Create | Unit 1944 |
| 19:32 | Research | Bow Saw |
| 19:47 | Build | Town Center |
| 19:48 | Create | Villager (Male) |
| 19:52 | Research | Heavy Plow |
| 19:54 | Create | Villager (Male) |
| 19:55 | Research | Gold Shaft Mining |
| 19:58 | Create | Unit 1944 |
| 20:15 | Create | Villager (Male) |
| 20:21 | Create | Unit 1944 |
| 20:22 | Create | Unit 1944 |
| 20:29 | Build | Farm |
| 20:54 | Build | Mining Camp |
| 21:14 | Build | House |
| 21:20 | Create | Villager (Male) |
| 21:31 | Create | Villager (Male) |
| 21:36 | Create | Villager (Male) |
| 21:54 | Create | Villager (Male) |
| 22:04 | Create | Villager (Male) |
| 22:17 | Create | Villager (Male) |
| 22:21 | Create | Villager (Male) |
| 22:27 | Build | Town Center |
| 22:37 | Create | Villager (Male) |
| 22:37 | Create | Villager (Male) |
| 22:47 | Create | Villager (Male) |
| 23:14 | Create | Villager (Male) |
| 23:28 | Create | Villager (Male) |
| 23:38 | Build | Siege Workshop |
| 23:42 | Create | Villager (Male) |
| 23:49 | Create | Villager (Male) |
| 23:50 | Create | Villager (Male) |
Build order — [URU] ElPrimerURU
First 150 of 459 actions detected
| 0:02 | Create | Villager (Male) |
| 0:02 | Create | Villager (Male) |
| 0:02 | Create | Villager (Male) |
| 0:04 | Build | House |
| 0:05 | Build | House |
| 0:08 | Research | Loom |
| 0:08 | Create | Villager (Male) |
| 0:08 | Create | Villager (Male) |
| 0:08 | Create | Villager (Male) |
| 0:09 | Create | Villager (Male) |
| 1:41 | Create | Villager (Male) |
| 1:42 | Create | Villager (Male) |
| 2:23 | Create | Villager (Male) |
| 2:23 | Create | Villager (Male) |
| 2:24 | Create | Villager (Male) |
| 2:39 | Build | Lumber Camp |
| 3:03 | Create | Villager (Male) |
| 3:03 | Create | Villager (Male) |
| 3:03 | Create | Villager (Male) |
| 4:01 | Create | Villager (Male) |
| 4:01 | Create | Villager (Male) |
| 4:01 | Create | Villager (Male) |
| 4:14 | Build | House |
| 4:40 | Build | Mill |
| 4:47 | Build | Palisade Wall |
| 4:52 | Create | Villager (Male) |
| 4:53 | Create | Villager (Male) |
| 4:53 | Create | Villager (Male) |
| 5:32 | Create | Villager (Male) |
| 5:32 | Create | Villager (Male) |
| 5:56 | Create | Villager (Male) |
| 6:22 | Build | Lumber Camp |
| 6:25 | Build | House |
| 6:28 | Create | Villager (Male) |
| 6:50 | Create | Villager (Male) |
| 6:55 | Build | House |
| 7:00 | Build | Palisade Wall |
| 7:02 | Build | Palisade Wall |
| 7:11 | Create | Villager (Male) |
| 7:31 | Build | House |
| 7:32 | Create | Villager (Male) |
| 8:04 | Build | House |
| 8:07 | Build | House |
| 8:16 | Build | Palisade Wall |
| 8:29 | Create | Villager (Male) |
| 8:36 | Build | Mining Camp |
| 8:58 | Create | Villager (Male) |
| 9:16 | Build | Mining Camp |
| 9:22 | Create | Villager (Male) |
| 9:42 | Create | Villager (Male) |
| 9:53 | Research | Feudal Age |
| 9:53 | Research | Feudal Age |
| 9:57 | Build | House |
| 10:56 | Build | Farm |
| 11:38 | Create | Villager (Male) |
| 11:38 | Create | Villager (Male) |
| 11:48 | Build | House |
| 11:58 | Build | House |
| 12:03 | Age | Feudal Age |
| 12:24 | Build | Palisade Gate |
| 12:26 | Build | Palisade Wall |
| 12:32 | Build | House |
| 12:53 | Build | Market |
| 12:58 | Create | Villager (Male) |
| 13:18 | Build | Blacksmith |
| 13:20 | Build | Palisade Wall |
| 13:22 | Create | Villager (Male) |
| 13:26 | Build | Farm |
| 13:52 | Build | Farm |
| 13:54 | Build | Farm |
| 14:02 | Research | Castle Age |
| 14:03 | Research | Castle Age |
| 14:47 | Build | Stone Wall |
| 14:49 | Build | Stone Wall |
| 14:50 | Build | Stone Wall |
| 14:53 | Build | Stone Wall |
| 14:59 | Research | Horse Collar |
| 14:59 | Research | Horse Collar |
| 15:02 | Build | Farm |
| 15:04 | Build | Farm |
| 15:16 | Build | Stone Wall |
| 15:45 | Research | Double-Bit Axe |
| 15:45 | Research | Double-Bit Axe |
| 16:36 | Create | Villager (Male) |
| 16:37 | Create | Villager (Male) |
| 16:42 | Age | Castle Age |
| 17:00 | Build | Castle |
| 17:16 | Build | Farm |
| 17:22 | Research | Bow Saw |
| 17:22 | Research | Bow Saw |
| 17:23 | Create | Villager (Male) |
| 17:24 | Create | Villager (Male) |
| 17:52 | Build | Farm |
| 17:53 | Build | Farm |
| 17:55 | Create | Villager (Male) |
| 18:03 | Build | Farm |
| 18:10 | Create | Villager (Male) |
| 18:22 | Build | Farm |
| 18:23 | Build | Farm |
| 18:24 | Build | Farm |
| 18:25 | Build | Farm |
| 18:30 | Create | Plumed Archer |
| 18:30 | Create | Plumed Archer |
| 18:34 | Create | Villager (Male) |
| 18:50 | Create | Villager (Male) |
| 18:54 | Build | Farm |
| 19:09 | Research | Wheelbarrow |
| 19:09 | Research | Wheelbarrow |
| 19:21 | Create | Plumed Archer |
| 19:21 | Create | Plumed Archer |
| 19:22 | Create | Plumed Archer |
| 19:22 | Create | Plumed Archer |
| 19:22 | Create | Plumed Archer |
| 19:51 | Research | Gold Mining |
| 19:52 | Create | Plumed Archer |
| 19:52 | Create | Plumed Archer |
| 19:53 | Create | Plumed Archer |
| 20:16 | Create | Plumed Archer |
| 20:17 | Create | Plumed Archer |
| 20:17 | Create | Plumed Archer |
| 20:18 | Create | Villager (Male) |
| 20:54 | Research | Fletching |
| 20:55 | Research | Fletching |
| 20:59 | Build | Farm |
| 20:59 | Create | Plumed Archer |
| 21:00 | Create | Plumed Archer |
| 21:12 | Create | Villager (Male) |
| 21:14 | Research | Heavy Plow |
| 21:14 | Research | Heavy Plow |
| 21:23 | Build | Lumber Camp |
| 21:24 | Create | Villager (Male) |
| 21:39 | Create | Plumed Archer |
| 22:13 | Create | Plumed Archer |
| 22:14 | Create | Villager (Male) |
| 22:14 | Create | Villager (Male) |
| 22:25 | Build | Palisade Gate |
| 22:37 | Research | Bodkin Arrow |
| 22:38 | Create | Villager (Male) |
| 22:53 | Build | Mining Camp |
| 22:58 | Research | Stone Mining |
| 22:58 | Research | Stone Mining |
| 22:59 | Create | Villager (Male) |
| 22:59 | Create | Villager (Male) |
| 23:00 | Create | Plumed Archer |
| 23:01 | Create | Plumed Archer |
| 23:11 | Build | House |
| 23:12 | Build | House |
| 23:15 | Create | Plumed Archer |
| 23:15 | Create | Plumed Archer |
| 23:26 | Build | University |
Match timeline
| 4:32 | Dschordschy · wall_segment Palisade Wall x4 |
| 4:33 | Dschordschy · wall_segment Palisade Wall x1 |
| 4:47 | [URU] ElPrimerURU · wall_segment Palisade Wall x10 |
| 6:46 | Dschordschy · wall_segment Palisade Wall x3 |
| 7:00 | [URU] ElPrimerURU · wall_segment Palisade Wall x4 |
| 7:02 | [URU] ElPrimerURU · wall_segment Palisade Wall x6 |
| 7:56 | Dschordschy · wall_segment Palisade Wall x7 |
| 8:06 | Dschordschy · wall_segment Palisade Wall x2 |
| 8:13 | Dschordschy · wall_segment Palisade Wall x2 |
| 8:15 | Dschordschy · wall_segment Palisade Wall x4 |
| 8:16 | [URU] ElPrimerURU · wall_segment Palisade Wall x11 |
| 8:40 | Dschordschy · wall_segment Palisade Wall x5 |
| 8:53 | Dschordschy · wall_segment Palisade Wall x1 |
| 9:46 | Dschordschy · age_up feudal |
| 11:00 | Dschordschy · wall_segment Palisade Wall x1 |
| 12:03 | [URU] ElPrimerURU · age_up feudal |
| 12:26 | [URU] ElPrimerURU · wall_segment Palisade Wall x1 |
| 12:59 | Dschordschy · wall_segment Palisade Wall x1 |
| 13:02 | Dschordschy · wall_segment Palisade Wall x1 |
| 13:20 | [URU] ElPrimerURU · wall_segment Palisade Wall x1 |
| 13:28 | Dschordschy · first_building Barracks |
| 13:48 | [URU] ElPrimerURU · first_market_buy 100 food |
| 14:19 | Dschordschy · first_building Stable |
| 14:47 | [URU] ElPrimerURU · wall_segment Stone Wall x3 |
| 14:49 | [URU] ElPrimerURU · wall_segment Stone Wall x4 |
| 14:50 | [URU] ElPrimerURU · wall_segment Stone Wall x2 |
| 14:53 | [URU] ElPrimerURU · wall_segment Stone Wall x1 |
| 15:16 | [URU] ElPrimerURU · wall_segment Stone Wall x4 |
| 16:42 | [URU] ElPrimerURU · age_up castle |
| 17:00 | [URU] ElPrimerURU · first_building Castle |
| 17:24 | Dschordschy · wall_segment Palisade Wall x1 |
| 18:22 | Dschordschy · wall_segment Palisade Wall x1 |
| 19:23 | Dschordschy · age_up castle |
| 23:38 | Dschordschy · first_building Siege Workshop |
| 25:40 | [URU] ElPrimerURU · first_market_sell 100 food |
| 25:50 | Dschordschy · first_building Castle |
| 31:57 | [URU] ElPrimerURU · age_up imperial |
| 34:40 | [URU] ElPrimerURU · first_building Barracks |
| 34:51 | Dschordschy · first_market_sell 500 wood |
| 36:29 | [URU] ElPrimerURU · wall_segment Palisade Wall x1 |
| 40:47 | Dschordschy · age_up imperial |
| 43:39 | Dschordschy · first_building Archery Range |
| 46:02 | [URU] ElPrimerURU · wall_segment Palisade Wall x1 |
| 46:07 | [URU] ElPrimerURU · wall_segment Palisade Wall x1 |
| 46:10 | [URU] ElPrimerURU · wall_segment Palisade Wall x2 |
| 46:14 | [URU] ElPrimerURU · wall_segment Palisade Wall x1 |
| 47:04 | [URU] ElPrimerURU · wall_segment Stone Wall x1 |
| 47:08 | [URU] ElPrimerURU · wall_segment Stone Wall x1 |
| 50:40 | [URU] ElPrimerURU · resign |
[ AI ANALYSIS · 1 CREDIT ]
What really happened in this match?
Wolo.gg analyzes every decision: build order, eco, micro, common mistakes by bracket. Personalized analysis on WhatsApp or Discord in 30 seconds.
Civ guide
Wei
Perfil
Jugador #3555357